 Dungeon Crawl Stone Soup version 0.23.2-33-g5129a83184 (webtiles) character file.

Game seed: 13257632013895026025

146 Folque the Digger (level 5, 0/41 HPs)
             Began as a Draconian Earth Elementalist on July 3, 2019.
             Slain by an orc
             ... wielding a +0 hand axe
              (5 damage)
             ... on level 3 of the Dungeon.
             The game lasted 00:08:29 (2333 turns).

Folque the Digger (Draconian Earth Elementalist)    Turns: 2333, Time: 00:08:29

Health: 0/41       AC:  5    Str: 10    XL:     5   Next: 7%
Magic:  0/9        EV: 12    Int: 17    God:
Gold:   120        SH:  0    Dex: 11    Spells: 4/10 levels left

rFire    . . .     SeeInvis .   a - +0 dagger
rCold    . . .     Gourm    .   (no shield)
rNeg     . . .     Faith    .   (armour unavailable)
rPois    .         Spirit   .   (helmet restricted)
rElec    .         Reflect  .   (no cloak)
rCorr    .         Harm     .   (no gloves)
MR       .....                  (no boots)
Stlth    ++........             (no amulet)
HPRegen  0.13/turn              (no ring)
MPRegen  0.11/turn              (no ring)

@: no status effects
A: unfitting armour, cold-blooded, AC +5
a: no special abilities


You were on level 3 of the Dungeon.
You were not hungry.

You visited 1 branch of the dungeon, and saw 3 of its levels.

You collected 120 gold pieces.

Inventory:

Hand Weapons
 a - a +0 dagger (weapon)
 e - a +2 vampiric dagger
Missiles
 b - 68 stones (quivered)
 m - 9 poisoned needles
Scrolls
 d - 2 scrolls of identify {unknown}
 f - a scroll of enchant armour {unknown}
 g - a scroll of immolation {unknown}
 h - a scroll of random uselessness {unknown}
 j - a scroll of teleportation {unknown}
Potions
 i - a potion of agility {unknown}
 k - a potion of flight {unknown}
 l - a potion of heal wounds {unknown}
 o - a potion of cancellation {unknown}
Comestibles
 c - 3 rations
 n - 2 chunks of flesh


   Skills:
 - Level 2.0 Fighting
 - Level 1.7 Dodging
 - Level 1.7 Stealth
 + Level 3.1 Spellcasting
 * Level 2.2 Conjurations
 - Level 1.0 Transmutations
 + Level 3.8 Earth Magic


You had 4 spell levels left.
You knew the following spells:

 Your Spells              Type           Power        Failure   Level  Hunger
a - Sandblast             Erth           ###...       3%          1    None
b - Passwall              Tmut/Erth      ##......     10%         2    ##.....
c - Stone Arrow           Conj/Erth      ##....       14%         3    ###....

Your spell library contained the following spells:

 Spells                   Type           Power        Failure   Level  Hunger
 Petrify                  Tmut/Erth      ##......     54%         4    ####...
 Lee's Rapid Deconstruct  Erth           ###.......   69%         5    ######.


Dungeon Overview and Level Annotations

Branches:
Dungeon (3/15)

Altars:


Innate Abilities, Weirdness & Mutations

Your plain brown scales are hard. (AC +5)
You cannot fit into any form of body armour.
You are cold-blooded and may be slowed by cold attacks.


Message History

The orc priest invokes the aid of Beogh against you.
Beogh smites you! The orc wizard barely misses you.
Casting: Stone Arrow (safe; 14% risk of failure)
Confirm with . or Enter, or press ? or * to list all spells.
Aiming: Passwall (safe; 10% risk of failure)
Press: ? - help, Dir - move target cursor, p - orc priest A rock wall.
The orc wizard begins to cast a cantrip, but forgets the words!
The orc priest calls down the wrath of Beogh upon you.
Beogh smites you!
* * * LOW HITPOINT WARNING * * *
You begin to meditate on the wall.
You continue meditating on the rock.
The orc wizard hits you but does no damage.
You continue meditating on the rock.
The orc wizard casts a spell at you. The puff of flame hits you.
* * * LOW HITPOINT WARNING * * *
The orc hits you with a +0 hand axe.
You die...

.[.#
#.####.#####....#
.### #.#
#.#........# .
#.# #.#.###.#..#
. #.# #.#.#
#....# #.# #.#.#
####># #.# #.#.#
.# #.# #.#.# .#
#.# #.#o########
#.####.#@o..o...#
#......########.#
#.###### #)###
### #o.)# ###.#
#.# #.# #.# #o#


You could see an orc priest, an orc wizard and an orc.

Vanquished Creatures
  An orc wizard (D:3)
  An adder (D:2)
  2 oozes
  3 worms (D:2)
  A dart slug (D:2)
  5 leopard geckos
  3 giant cockroaches (D:2)
  7 goblins
  8 hobgoblins
  7 jackals
  A quokka (D:2)
  5 bats
  8 frilled lizards
  9 kobolds
  6 rats
67 creatures vanquished.

Vanquished Creatures (others)
  An orc wizard (D:3)
1 creature vanquished.

Grand Total: 68 creatures vanquished

Notes
Turn   | Place    | Note
-------+----------+-------------------------------------------
     0 | D:1      | Folque the Draconian Earth Elementalist began the quest for
                  | the Orb.
     0 | D:1      | Reached XP level 1. HP: 14/14 MP: 3/3
    30 | D:1      | Reached skill level 1 in Fighting
    38 | D:1      | Reached XP level 2. HP: 12/23 MP: 0/5
   710 | D:1      | Learned a level 2 spell: Passwall
   728 | D:1      | Reached XP level 3. HP: 22/29 MP: 6/6
   764 | D:1      | Learned a level 3 spell: Stone Arrow
  1353 | D:2      | Reached skill level 1 in Conjurations
  1474 | D:2      | Reached XP level 4. HP: 24/36 MP: 5/8
  2313 | D:3      | Reached XP level 5. HP: 41/41 MP: 3/9
  2333 | D:3      | Slain by an orc

Skill      XL: |  1  2  3  4 |
---------------+-------------+-----
Fighting       | 1 2 |  2.0
Conjurations   | 1 2 |  2.2
Spellcasting   | 3 |  3.1
Dodging        | |  1.7
Stealth        | |  1.7
Transmutations | |  1.0
Earth Magic    | |  3.8

Action                   |  1- 3 |  4- 6 || total
-------------------------+-------+-------++-------
Melee: Dagger            |   209 |    85 ||   294
       Tailslap          |    14 |     9 ||    23
 Cast: Sandblast         |    15 |     7 ||    22
       Stone Arrow       |     2 |     4 ||     6
       Passwall          |       |     1 ||     1
 Stab: Sleeping          |     2 |     1 ||     3
       Distracted        |       |     1 ||     1
  Eat: Chunk             |     2 |     4 ||     6
Armor: Skin              |    83 |    21 ||   104
Dodge: Dodged            |   154 |    55 ||   209
